 Dungeon Crawl Stone Soup version 0.30-a0-352-g1e81539c98 (webtiles) character file.

Game seed: 1492298456930950406

2835 Ijustatesigmund the Reanimator (level 9, -1/64 (69) HPs)
             Began as a Demonspawn Necromancer on Nov 7, 2022.
             Was a Follower of Makhleb.
             Slain by a wight
             ... wielding a +5 halberd of freezing
              (17 damage)
             ... on level 7 of the Dungeon.
             The game lasted 00:21:26 (7837 turns).

Ijustatesigmund the Reanimator (DsNe)               Turns: 7837, Time: 00:21:27

HP:   -1/64 (69)    AC:  9    Str:  8    XL:     9   Next: 45%
MP:   18/18         EV: 12    Int: 21    God:    Makhleb [*.....]
Gold: 222           SH:  0    Dex: 14    Spells: 16/20 levels left

rFire   . . .      SeeInvis .    s - +3 halberd (pain)
rCold   . . .      Faith    .    (shield currently unavailable)
rNeg    . . .      Spirit   .    a - +1 robe
rPois   .          Reflect  .    (no helmet)
rElec   .          Harm     .    o - +1 cloak
rCorr   .          Rampage  .    (no gloves)
Will    +....                    (no boots)
Stlth   ++........               (no amulet)
HPRegen 0.30/turn                j - ring of willpower
MPRegen 0.16/turn                q - +4 ring of protection

@: mighty, drained
A: hooves 2, ignite blood 1, weakness stinger 2, demonic touch 1
a: Renounce Religion


You were on level 7 of the Dungeon.
You worshipped Makhleb.
Makhleb was aware of your devotion.
You visited 2 branches of the dungeon, and saw 8 of its levels.
You also visited: Sewer.

You collected 222 gold pieces.

Inventory:

Hand Weapons
 f - a +0 broad axe
 s - a +3 halberd of pain (weapon)
Missiles
 c - 4 silver javelins
 d - 4 throwing nets
Armour
 a - a +1 robe (worn)
 o - a +1 cloak (worn)
Jewellery
 j - a ring of willpower (left hand)
 n - a +6 ring of dexterity
 q - a +4 ring of protection (right hand)
 t - a ring of positive energy
 z - a ring of positive energy
Wands
 p - a wand of roots (4)
 y - a wand of digging (4)
Scrolls
 i - 2 scrolls of enchant armour
 r - a scroll of amnesia
 u - a scroll of immolation
 v - a scroll of magic mapping
 w - 2 scrolls of enchant weapon
Potions
 b - a potion of magic
 e - a potion of brilliance
 g - 3 potions of curing
 h - 4 potions of might
 k - 2 potions of attraction
 l - 3 potions of lignification
 m - a potion of flight
 x - a potion of haste {unknown}
 A - 3 potions of heal wounds {unknown}
 B - a potion of ambrosia {unknown}


   Skills:
 + Level 5.9 Fighting
 - Level 2.8 Axes
 - Level 1.2 Armour
 - Level 1.7 Dodging
 - Level 1.7 Stealth
 + Level 6.3 Spellcasting
 + Level 8.5 Necromancy
 + Level 6.4 Invocations
 - Level 2.1 Evocations


You had 16 spell levels left.
You knew the following spells:

 Your Spells              Type           Power      Damage    Failure   Level
a - Necrotise             Necr           100%       1d9       1%          1
b - Vampiric Draining     Necr           42%        2d9       1%          3

Your spell library contained the following spells:

 Spells                   Type           Power      Damage    Failure   Level
 Animate Dead             Necr           42%        N/A       2%          4
 Cigotuvi's Dreadful Rot  Necr/Pois/Air  36%        N/A       4%          2
 Agony                    Necr           42%        N/A       8%          5
 Apportation              Tloc           12%        N/A       10%         1
 Shock                    Conj/Air       24%        1d4       10%         1
 Sting                    Tmut/Pois      24%        1d4       10%         1
 Summon Small Mammal      Summ           24%        N/A       10%         1
 Ensorcelled Hibernation  Hex/Ice        12%        N/A       14%         2
 Passwall                 Tmut/Erth      5%         N/A       14%         2
 Poisonous Vapours        Pois/Air       12%        N/A       14%         2
 Call Canine Familiar     Summ           6%         N/A       28%         3
 Gell's Gravitas          Tloc           6%         N/A       28%         3
 Mephitic Cloud           Conj/Pois/Air  6%         N/A       28%         3
 Portal Projectile        Hex/Tloc       12%        N/A       28%         3
 Swiftness                Air            6%         N/A       28%         3
 Teleport Other           Tloc           6%         N/A       28%         3
 Airstrike                Air            3%         2d(1-17)  67%         4
 Leda's Liquefaction      Hex/Erth       3%         N/A       67%         4
 Olgreb's Toxic Radiance  Pois           6%         N/A       67%         4
 Lee's Rapid Deconstruct  Erth           3%         3d5*      95%         5
 Dispersal                Tloc           3%         N/A       100%        6
 Statue Form              Tmut/Erth      4%         N/A       100%        6


Dungeon Overview and Level Annotations

Branches:
Dungeon (7/15)             Temple (1/1) D:5           Sewer (visited)

Altars:
Ashenzari
Cheibriados
Dithmenos
Gozag
Hepliaklqana
Kikubaaqudgha
Makhleb
Nemelex Xobeh
Okawaru
Qazlal
Ru
Trog
Uskayaw
Vehumet
Xom

Shops:
D:3 *

Annotations:
D:4 3 runed translucent doors, Thjof's ghost, novice GnWn


Innate Abilities, Weirdness & Mutations

You have hoof-like feet.
Your demonic aura sometimes causes spilled blood to erupt in flames.
You have a tail ending in a sharp stinger.
Your touch may inflict minor irresistible damage on your foes.


Message History

Aim: a wight, wielding a +0 short sword and wearing a +0 robe The roots erupt in riotous growth!
Roots grab the wight. x2
The grasping roots constrict the wight. x2
The wight hits you with a +0 short sword.
The wight hits your hound skeleton with a +5 halberd of freezing!
The wight freezes your hound skeleton.
Your hound skeleton bites the wight but does no damage.
The grasping roots constrict the wight! x2
You destroy the wight!
Makhleb accepts your kill.
The wight escapes!
Something hits your hound skeleton!
Your hound skeleton is destroyed!
Aiming: Fastroot
Press: ? - help, Shift-Dir - straight line, f - wight
Aim: a wight, wielding a +0 falchion and wearing a +0 robe (severely damaged)
The roots erupt in riotous growth!
Roots grab the wight. x2
The grasping roots constrict the wight.
The grasping roots constrict the wight!
You destroy the wight!
Makhleb accepts your kill.
The wight struggles to escape constriction.
The grasping roots constrict the wight.
The wight struggles to escape constriction.
Okay, then.
The grasping roots constrict the wight!
You destroy the wight!
Makhleb accepts your kill.
Found 4 stones.
You start resting.
A wight is nearby!
You feel very mighty all of a sudden. The wight barely misses you.
The wight hits you with a +5 halberd of freezing!
The wight freezes you.
* * * LOW HITPOINT WARNING * * *
You puncture the wight!
The wight is moderately damaged.
The wight hits you with a +5 halberd of freezing!
You die...

#.. ########### #..#
##.....z)..# . #..#
#..######... .. #..## #..#
##.. ... #..###.## ##..
.... #......### ##...
....( #........###z.Z.
#.....#####.............##
#....@z............##
#######............#
##....####...# #..###
###..# ...# #..# ..## #..#
.## ..##


You could see a wight.

Vanquished Creatures
  6 yaks (D:6)
  Duvessa (D:6)
  An orc warrior (D:6)
  A sky beast (D:6)
  2 ice beasts
  An ogre (D:5)
  A phantom (D:6)
  A centaur (D:6)
  3 bullfrogs
  2 scorpions
  3 wights (D:7)
  A necrophage (D:6)
  Dowan (D:6)
  A howler monkey (D:5)
  A gnoll bouda (D:6)
  2 orc priests (D:6)
  3 hounds
  A jelly (D:7)
  3 iguanas (D:6)
  14 gnolls
  12 adders
  2 river rats (D:4)
  A worm (D:2)
  3 dart slugs
  8 orcs
  7 endoplasms
  8 giant cockroaches
  13 hobgoblins
  A jackal (D:2)
  8 kobolds
  5 quokkas
  18 ball pythons
  3 bats
  9 frilled lizards
  6 goblins
  4 rats
157 creatures vanquished.

Vanquished Creatures (collateral kills)
  An adder (D:2)
  An orc (D:4)
  2 ball pythons (D:1)
  A giant cockroach (Sewer)
  A frilled lizard (Sewer)
  A kobold (D:2)
  3 rats
10 creatures vanquished.

Vanquished Creatures (others)
  2 fungi (D:4)
  2 plants (D:4)
4 creatures vanquished.

Grand Total: 171 creatures vanquished

Notes
Turn   | Place    | Note
-------+----------+-------------------------------------------
     0 | D:1      | Ijustatesigmund the Demonspawn Necromancer began the quest
                  | for the Orb.
     0 | D:1      | Reached XP level 1. HP: 13/13 MP: 3/3
   119 | D:1      | You fall into a shaft and drop 1 floor!
   222 | D:1      | Discovered your monstrous ancestry.
   222 | D:1      | Gained mutation: You have large cloven feet. [demonic
                  | ancestry]
   222 | D:1      | Reached XP level 2. HP: 13/20 MP: 1/5
   427 | D:1      | Reached skill level 1 in Fighting
  1188 | D:1      | Gained mutation: Your demonic aura sometimes causes spilled
                  | blood to erupt in flames. [demonic ancestry]
  1188 | D:1      | Reached XP level 3. HP: 26/26 MP: 1/6
  1857 | D:2      | Reached skill level 5 in Necromancy
  1929 | D:2      | Reached XP level 4. HP: 31/33 MP: 1/8
  1933 | D:2      | Learned a level 3 spell: Vampiric Draining
  3012 | D:3      | Found Samabrey's General Store.
  3033 | D:3      | Found a snail-covered altar of Cheibriados.
  3210 | D:3      | Found a shadowy altar of Dithmenos.
  3307 | D:3      | Found a faded altar of an unknown god.
  3447 | D:3      | Found a bloodstained altar of Trog.
  3787 | D:4      | Found a runed translucent gate.
  3787 | D:4      | Found a runed translucent gate.
  3789 | D:4      | Noticed a kobold brigand
  3811 | D:4      | Found a runed translucent gate.
  3814 | D:4      | Noticed Thjof's ghost (novice GnWn)
  3886 | D:4      | Gained mutation: You have a small tail. [demonic ancestry]
  3886 | D:4      | Reached XP level 5. HP: 39/39 MP: 6/9
  3993 | D:4      | Reached skill level 1 in Armour
  3993 | D:4      | Reached skill level 1 in Evocations
  4371 | D:4      | Gained mutation: You have hoof-like feet. [demonic
                  | ancestry]
  4371 | D:4      | Reached XP level 6. HP: 43/45 MP: 11/11
  4382 | D:4      | Found an ancient bone altar of Kikubaaqudgha.
  4383 | D:4      | Found an opulent altar of Gozag.
  4641 | D:4      | Reached skill level 6 in Necromancy
  4785 | D:5      | Entered Level 5 of the Dungeon
  4799 | D:5      | Noticed an ice beast
  4835 | D:5      | Found a glowing drain.
  4850 | Sewer    | Entered a sewer
  5150 | Sewer    | Reached skill level 1 in Axes
  5350 | Sewer    | Gained mutation: You have a tail ending in a sharp stinger.
                  | [demonic ancestry]
  5350 | Sewer    | Reached XP level 7. HP: 32/51 MP: 3/12
  5721 | D:5      | Found a staircase to the Ecumenical Temple.
  5756 | Temple   | Entered the Ecumenical Temple
  5887 | Temple   | Became a worshipper of Makhleb the Destroyer
  5972 | D:5      | Reached skill level 1 in Invocations
  6506 | D:6      | Gained mutation: Your touch may inflict minor irresistible
                  | damage on your foes. [demonic ancestry]
  6506 | D:6      | Reached XP level 8. HP: 56/60 MP: 14/14
  6521 | D:6      | Reached skill level 7 in Necromancy
  6656 | D:6      | Reached skill level 5 in Spellcasting
  6850 | D:6      | Reached * piety under Makhleb
  6995 | D:6      | Reached skill level 5 in Fighting
  6995 | D:6      | Reached skill level 5 in Invocations
  6999 | D:6      | Reached XP level 9. HP: 68/68 MP: 9/17
  7001 | D:6      | Reached skill level 8 in Necromancy
  7112 | D:6      | Noticed Duvessa
  7112 | D:6      | Noticed Dowan
  7127 | D:6      | Killed Duvessa
  7129 | D:6      | Killed Dowan
  7227 | D:6      | Found a sacrificial altar of Ru.
  7227 | D:6      | Found a stormy altar of Qazlal.
  7269 | D:6      | Found a bloodstained altar of Trog.
  7271 | D:6      | Found a shimmering altar of Xom.
  7271 | D:6      | Found a shimmering altar of Xom.
  7273 | D:6      | Found an ancient bone altar of Kikubaaqudgha.
  7273 | D:6      | Found a shimmering altar of Xom.
  7837 | D:7      | Slain by a wight

Illustrated notes

Levels and vault maps discovered:
D:1:      roderic_octagonal_star, layout_basic, serial_corexii_hall,
          corexii_hall_statues_i, chequers_hall_statues_wall_a,
          corexii_hall_statues_deadend, corexii_hall_statues_i,
          corexii_hall_statues_i, chequers_hall_statues_corner_a, minmay_tall_x
D:2:      wad_crossroads, layout_loops_ring, minmay_pentomino_z4
D:3:      layout_basic, grunt_dithmenos_smoke, mainiacjoe_overflow_tiny_flanked,
          nicolae_overflow_ecumenical_swirl, serial_shops, shop
D:4:      layout_loops_ring, minitemple, gammafunk_ghost_nasty_kobolds
D:5:      layout_cave_pools, minmay_temple_entry_slanted, portal_sewer_entry_a
D:6:      dreamdust_elfheim, layout_loops_ring, doesnt_xom_only_xom,
          chequers_temple_overflow_statue_of_worship
D:7:      layout_layer_cave, general_overflow_altar
Temple:   nicolae_temple_two_arcs

Skill      XL: |  1  2  3  4  5  6  7  8  9 |
---------------+----------------------------+-----
Fighting       | 1 2 3 5 |  5.9
Necromancy     | 5 6 7 8 |  8.5
Spellcasting   | 3 4 5 6 |  6.3
Armour         | 1 |  1.2
Evocations     | 1 2 |  2.1
Axes           | 2 |  2.8
Invocations    | 2 5 6 |  6.4
Dodging        | |  1.7
Stealth        | |  1.7

Action                   |  1- 3 |  4- 6 |  7- 9 || total
-------------------------+-------+-------+-------++-------
Melee: Falchion          |    29 |     4 |       ||    33
       Kick              |     3 |    15 |    22 ||    40
       Broad axe         |       |    64 |     3 ||    67
       Tailslap          |       |     6 |    15 ||    21
       Halberd           |       |       |   102 ||   102
 Cast: Necrotise         |    58 |   108 |    41 ||   207
       Vampiric Draining |       |     7 |     9 ||    16
Evoke: Wand              |       |     2 |     5 ||     7
  Use: Scroll            |     5 |     6 |     4 ||    15
       Potion            |       |       |     2 ||     2
 Stab: Sleeping          |       |     4 |     2 ||     6
Armor: Robe              |     2 |    42 |    42 ||    86
Dodge: Dodged            |    25 |   103 |    75 ||   203

Table legend: (Time is in decaauts)
 A = Elapsed time spent in this place.
 B = Non-inter-level travel time spent in this place.
 C = Inter-level travel time spent in this place.
 D = Time resting spent in this place.
 E = Time spent auto-exploring this place.
 F = Levels seen in this place.
 G = Mean time per level.
                   A        B        C        D        E       F      G
               +--------+--------+--------+--------+--------+-----+--------+
         Total |   8005 |   7790 |    215 |   1437 |   5140 |   9 |  889.4 |
       Dungeon |   6980 |   6774 |    206 |   1295 |   4481 |   7 |  997.1 |
        Temple |    140 |    131 |      9 |      0 |    106 |   1 |  140.0 |
         Sewer |    884 |    884 |      0 |    142 |    552 |   1 |  884.0 |
               +--------+--------+--------+--------+--------+-----+--------+

Top non-repeatable levels by time:
     D:1: 1510 daAuts
     D:6: 1435 daAuts
     D:2: 1414 daAuts
     D:4: 1216 daAuts
   Sewer: 884 daAuts
     D:3: 698 daAuts
     D:5: 627 daAuts
  Temple: 140 daAuts
     D:7: 76 daAuts
